[Event "Open international de Salon de Provence"]
[Site "Salon de Provence, France"]
[Date "2024.07.06"]
[Round "1.1"]
[White "Busson, Benoit"]
[Black "Gusain, Himal"]
[Result "0-1"]
[WhiteElo "1885"]
[BlackElo "2490"]
[PlyCount "98"]
[EventDate "2024.??.??"]
[TimeControl "1"]

1. e4 e6 2. d4 d5 3. e5 c5 4. Nf3 Nc6 5. Bd3 cxd4 6. O-O Nge7 7. Bf4 Ng6 8.
Bg3 Qb6 9. Nbd2 Qxb2 10. h4 f6 11. Qe2 Be7 12. Nb3 O-O 13.
Rab1 Qc3 14. Rfd1 Ngxe5 15. Nbxd4 Nxf3+ 16. Nxf3 e5 17. Rb3 Qa5 18. Rb5 Qxa2 19. Rxd5 Be6 20. Rb5 Rab8 21. Rdb1 Qa4 22. Rxb7 Rxb7 23. Rxb7 Bc5 24. c3 Rf7 25. Rxf7 Bxf7 26. Kh2 Ne7 27. Nxe5 fxe5 28. Qxe5 Qc6 29. Be4 Qb6 30. Qg5 h6 31. Qd2 Bg6 32. Bxg6 Qxg6 33. Qe2 Bd6 34. Qa2+ Kh7 35. Qxa7 Nf5 36. Bxd6 Qxd6+ 37. Kh3 Qf6 38. g3 Qxc3 39. Qa4 Qd3 40. Qf4 Nd6 41. h5 Qf5+ 42. Qxf5+ Nxf5 43. Kg4 Ne7 44. Kf4 Kg8 45. g4 Kf7 46. Ke4 Ke6 47. f4 Nd5 48. g5 Ne7 49. gxh6 gxh6 0-1

[Event "Open international de Salon de Provence"]
[Site "Salon de Provence, France"]
[Date "2024.07.06"]
[Round "1.2"]
[White "Dimitrov, Radoslav"]
[Black "Espanet, Fabien"]
[Result "1-0"]
[WhiteElo "2480"]
[BlackElo "1851"]
[PlyCount "97"]
[EventDate "2024.??.??"]
[TimeControl "1"]

1. c4 Nf6 2. Nc3 g6 3. g3 Bg7 4. Bg2 O-O 5. d3 c6 6. e4 e5 7. Nge2 d6 8. O-O Ne8 9. d4 Nc7 10. Be3 b5 11. dxe5 dxe5 12. cxb5 cxb5 13. a4 b4 14. Nb5 Nxb5 15. axb5 Qe7 16. Qd5 Bb7 17. Qc5 Qxc5 18. Bxc5 Rc8 19. Bxb4 Rc2 20. Rfd1 Bf6 21. Rd2 Rxd2 22. Bxd2 Nd7 23. Be3 a6 24. bxa6 Rxa6 25. Rxa6 Bxa6 26. Nc3 Bd8 27. Bf1 Bb7 28. Bc4 Nb6 29. Ba2 Kf8 30. f3 f6 31. Kf2 Ke7 32. b4 Nd7 33.
Bd5 Bxd5 34. Nxd5+ Kd6 35. Ke2 f5 36. Kd3 Nf6 37. Bc5+ Kc6 38.
Nxf6 Bxf6 39. Kc4 fxe4 40. fxe4 Bd8 41. b5+ Kd7 42. Kd5 Bc7 43. b6 Bb8 44. g4 h6 45. h4 h5 46. g5 Kd8 47. Kc6 Kc8 48. b7+ Kd8 49. Bd6 1-0

[Event "Open international de Salon de Provence"]
[Site "Salon de Provence, France"]
[Date "2024.07.06"]
[Round "1.3"]
[White "Guillaume, Jean-Tristan"]
[Black "Nikolov, Momchil"]
[Result "0-1"]
[WhiteElo "1834"]
[BlackElo "2460"]
[PlyCount "60"]
[EventDate "2024.??.??"]
[TimeControl "1"]

1. e4 c5 2. Nf3 a6 3. c3 d5 4. exd5 Nf6 5. d4 cxd4 6. cxd4 Nxd5 7. Nc3 Nc6 8.
Bc4 Be6 9. Qe2 Rc8 10. Bd3 Ncb4 11. Bb1 Nxc3 12. bxc3 Nd5 13. Bd2 Nxc3 14. Bxc3 Rxc3 15. Qd2 Rc7 16. O-O Bd5 17. Ne5 g6 18. Rd1 Bg7 19. Bc2 O-O 20. Bb3 Qd6 21. Bxd5 Qxd5 22. Nf3 Rfc8 23. Rac1 Rxc1 24. Rxc1 Rxc1+ 25. Qxc1 Bxd4 26. h3 Bf6 27. Qc8+ Kg7 28. a4 Qd1+ 29. Kh2 Qxa4 30. Qxb7 a5 0-1

[Event "Open international de Salon de Provence"]
[Site "Salon de Provence, France"]
[Date "2024.07.06"]
[Round "1.4"]
[White "Enchev, Ivajlo"]
[Black "Kosteniuk, Kristina"]
[Result "1-0"]
[WhiteElo "2416"]
[BlackElo "1819"]
[PlyCount "101"]
[EventDate "2024.??.??"]
[TimeControl "1"]

1. Nf3 f5 2. d4 Nf6 3. g3 g6 4. Bg2 Bg7 5. c4 O-O 6. Nc3 d6 7. O-O c6 8. b3 Na6 9. Bb2 Qe8 10. d5 Bd7 11. Nd4 Nc7 12. Qd3 Rd8 13.
Rad1 e5 14. dxe6 Nxe6 15. Nxe6 Bxe6 16. Ba3 Rf7 17. Bxd6 Rfd7 18. c5 Bf8 19. Qd4 Qf7 20. Qb4 Bxd6 21. Rxd6 Rxd6 22. cxd6 Ne8 23. Rd1 Rd7 24. e4 Qf6 25. f4 fxe4 26. Nxe4 Qf5 27. Ng5 a5 28. Qe1 Bf7 29. Qe5 Qc2 30. Bf3 Qf5 31. h3 Qf6 32. Ne4 Qxe5 33.
fxe5 Bd5 34. Bg4 Rd8 35. Nc5 Nxd6 36. exd6 Rxd6 37. Nxb7 Rf6 38. Nxa5 h5 39. Be2 Rf8 40. Bc4 Bxc4 41. Nxc4 Rf3 42. Kg2 Rc3 43. Rd6 Rc2+ 44. Kf3 Rxa2 45. Rxg6+ Kf7 46. Ne5+ Ke7 47. Nxc6+ Kd7 48. Ne5+ Ke7 49. Rh6 Ra3 50. Rxh5 Rxb3+ 51. Ke4 1-0

[Event "Open international de Salon de Provence"]
[Site "Salon de Provence, France"]
[Date "2024.07.06"]
[Round "1.5"]
[White "Thiers, Jean-Jacques"]
[Black "Roux, Jean-Marie"]
[Result "1-0"]
[WhiteElo "1688"]
[BlackElo "1515"]
[PlyCount "73"]
[EventDate "2024.??.??"]
[TimeControl "1"]

1. d4 d5 2. Bf4 Nf6 3. e3 Bg4 4. Nf3 e6 5. c4 dxc4 6. Bxc4 Be7 7. Nc3 O-O 8. h3 Bh5 9. Rc1 Nc6 10. a3 a6 11. Bd3 b5 12. Nxb5 axb5 13.
Rxc6 Bd6 14. Bxd6 cxd6 15. Bxb5 Rb8 16. a4 d5 17. Qc2 Bxf3 18.
gxf3 Nh5 19. Ke2 Qg5 20. Kf1 e5 21. dxe5 Qxe5 22. f4 Qe7 23.
Qf5 Nf6 24. Rg1 Kh8 25. Bd3 Ne4 26. Rc2 Rbd8 27. f3 g6 28.
Qe5+ Qxe5 29. fxe5 Ra8 30. Bb5 Rad8 31. fxe4 dxe4 32. Ke2 Kg7 33. Rd1 Ra8 34. Rc7 h5 35. Rdd7 Rae8 36. Rxf7+ Kg8 37. Rg7+ {[%emt 0:00:09] Ra8} 1-0

[Event "Open international de Salon de Provence"]
[Site "Salon de Provence, France"]
[Date "2024.07.06"]
[Round "1.6"]
[White "Ode, Sandro"]
[Black "Vrillet, Loan"]
[Result "0-1"]
[WhiteElo "1457"]
[BlackElo "1676"]
[PlyCount "58"]
[EventDate "2024.??.??"]
[TimeControl "1"]

1. e4 c6 2. d4 d5 3. Nc3 dxe4 4. Nxe4 Nd7 5. Nf3 Ngf6 6. Bd3 Nxe4 7. Bxe4 Nf6 8. Qe2 Nxe4 9. Qxe4 Qd5 10. Qxd5 cxd5 11. Bf4 h5 12. O-O f6 13. h4 Bg4 14. Nd2 e6 15. Rac1 b5 16. Rfe1 Rc8 17. f3 Bf5 18. Nf1 Kd7 19. Ne3 Bg6 20. Bh2 Be7 21. c3 Rhf8 22. b4 Rc6 23.
g4 Rfc8 24. Nd1 Ra6 25. Ra1 Bc2 26. Re3 Bxd1 27. Rxd1 Rxa2 28. gxh5 Ra3 29. Rdd3 Rh8 0-1

[Event "Open international de Salon de Provence"]
[Site "Salon de Provence, France"]
[Date "2024.07.06"]
[Round "1.7"]
[White "Lopez, Remy"]
[Black "Scamaroni, Jean-Paul"]
[Result "1-0"]
[WhiteElo "1486"]
[BlackElo "1654"]
[PlyCount "39"]
[EventDate "2024.??.??"]
[TimeControl "1"]

1. e4 c5 2. Nc3 d6 3. f4 e6 4. Nf3 Nf6 5. Be2 Be7 6. O-O a6 7. Qe1 Nc6 8. a3 O-O 9. b3 Qc7 10. Qg3 b5 11. Bd3 b4 12. Ne2 a5 13. Bb2 bxa3 14. Rxa3 Nb4 15. e5 Ne8 16. exd6 Bxd6 17. Bxh7+ Kh8 18. Qh3 Bxf4 19. Be4+ Bh6 20. Qxh6+ 1-0

[Event "Open international de Salon de Provence"]
[Site "Salon de Provence, France"]
[Date "2024.07.06"]
[Round "1.8"]
[White "Schreiber Pitot, Beryl"]
[Black "Bretsztajn, Alain"]
[Result "1-0"]
[WhiteElo "1669"]
[BlackElo "1501"]
[PlyCount "105"]
[EventDate "2024.??.??"]
[TimeControl "1"]

1. d4 d5 2. Bf4 Nf6 3. Nf3 g6 4. e3 e6 5. h3 a6 6. c4 Bg7 7. Nc3 c6 8. Be2 h6 9. O-O Nbd7 10. Ne5 Qe7 11. Nxd7 Qxd7 12. c5 O-O 13. Bd6 Re8 14. Bf3 Qd8 15. Be5 b6 16. b4 b5 17. a4 Bd7 18. a5 Bc8 19. Re1 Nd7 20. Bxg7 Kxg7 21. g3 e5 22. Kh2 Nf6 23. Qc2 e4 24. Bg2 Qd7 25. Rh1 Re6 26. Kg1 Nh7 27. h4 f5 28.
Rf1 Qf7 29. f4 exf3 30. Rxf3 Rf6 31. Ne2 h5 32. Nf4 Bd7 33. Nd3 Qe8 34. Ne5 Be6
35. Kf2 Nf8 36. Rf1 Ra7 37. Kg1 Rc7 38. Bh3 Qc8 39. Rf4 Kh6 40. g4 g5 41. hxg5+
Kxg5 42. Nf3+ Kg6 43. gxh5+ Kh6 44. Kh1 Nh7 45. Rg1 Qb7 46. Rg6+ Rxg6 47. hxg6
Nf6 48. Bxf5 Bg8 49. Qh2+ Kg7 50. Ng5 Re7 51. Rf3 Qc7 52. Qh4 Qd8 53. Rh3 1-0

[Event "Open international de Salon de Provence"]
[Site "Salon de Provence, France"]
[Date "2024.07.07"]
[Round "2.1"]
[White "Gusain, Himal"]
[Black "Bedhouche, Rayan"]
[Result "1-0"]
[WhiteElo "2490"]
[BlackElo "2006"]
[PlyCount "37"]
[EventDate "2024.??.??"]
[TimeControl "1"]

1. Nf3 c5 2. b3 Nc6 3. Bb2 Nf6 4. g3 d5 5. Bg2 e6 6. O-O Be7 7. e3 O-O 8. c4 dxc4 9. bxc4 Qd3 10. Qc1 Rd8 11. Rd1 Rb8 12. Ne1 Qd6 13.
d4 e5 14. d5 Na5 15. Nd2 b6 16. Nef3 Nd7 17. Ne4 Qh6 18. Nxe5 Ba6 19. Nc6 1-0

[Event "Open international de Salon de Provence"]
[Site "Salon de Provence, France"]
[Date "2024.07.07"]
[Round "2.2"]
[White "Durand-Benmoussa, Roman"]
[Black "Dimitrov, Radoslav"]
[Result "0-1"]
[WhiteElo "2001"]
[BlackElo "2480"]
[PlyCount "120"]
[EventDate "2024.??.??"]
[TimeControl "1"]

1. e4 c5 2. Nf3 g6 3. Bc4 Bg7 4. O-O Nc6 5. c3 e5 6. b4 cxb4 7. cxb4 Nge7 8.
Nc3 O-O 9. Qb3 d6 10. h3 h6 11. d3 Kh7 12. Bd2 f5 13. Nd5 g5 14. b5 Nxd5 15.
Bxd5 Ne7 16. Rfc1 g4 17. hxg4 fxg4 18. Nh2 Nxd5 19. Qxd5 Qe7 20. Bb4 Rd8 21. Ba5 Be6 22. Rc7 Qxc7 23. Bxc7 Bxd5 24. Bxd8 g3 25. fxg3 Rxd8 26. exd5 Rc8 27. Rf1 Rc5 28. a4 Kg8 29. Ng4 Rxd5 30. Nf6+ Bxf6 31. Rxf6 Rxd3 32. Rxh6 Kg7 33. Re6 Kf7 34. Rh6 a5 35. Rh7+ Ke6 36. Rxb7 Rd4 37. Ra7 Rxa4 38. b6 Rb4 39. b7 a4 40. g4 a3 41. Kh2 a2 42. Kh3 Rxb7 43. Rxa2 e4 44. Kh4 d5 45. g5 Ke5 46. g6 d4 47. Ra5+ Kf4 48. Rg5 Rg7 49. Rg4+ Ke3 50. Kg5 d3 51. Kf5 d2 52. Rxe4+ Kd3 53. Re8 Rd7 54. Ke6 Rd4 55. g7 d1=Q 56. g8=Q Qe2+ 57. Kf5 Qf2+ 58. Ke6 Qe3+ 59. Kf5 Rf4+ 60. Kg5 Qg3+ 0-1

[Event "Open international de Salon de Provence"]
[Site "Salon de Provence, France"]
[Date "2024.07.07"]
[Round "2.3"]
[White "Nikolov, Momchil"]
[Black "Kolb, Sebastien"]
[Result "1-0"]
[WhiteElo "2460"]
[BlackElo "1923"]
[PlyCount "35"]
[EventDate "2024.??.??"]
[TimeControl "1"]

1. e4 c5 2. Nf3 Nc6 3. Bb5 Nf6 4. Nc3 Qc7 5. O-O e5 6. Re1 Nd4 7. Bc4 d6 8. Nb5 Nxf3+ 9. Qxf3 Qd8 10. Qb3 Qe7 11. d4 cxd4 12. c3 a6 13. Qa4 axb5 14. Bxb5+ Kd8 15. Qxa8 Qc7 16. cxd4 Qb6 17. a4 exd4 18. Bd2 1-0

[Event "Open international de Salon de Provence"]
[Site "Salon de Provence, France"]
[Date "2024.07.07"]
[Round "2.4"]
[White "Roganova, Maxime"]
[Black "Enchev, Ivajlo"]
[Result "0-1"]
[WhiteElo "1903"]
[BlackElo "2416"]
[PlyCount "58"]
[EventDate "2024.??.??"]
[TimeControl "1"]

1. e4 c6 2. c4 d5 3. exd5 cxd5 4. cxd5 Nf6 5. Nf3 g6 6. Nc3 Bg7 7. Bc4 O-O 8. O-O Nbd7 9. d6 e6 10. d3 Nb6 11. Bf4 Nh5 12. Qd2 Nxf4 13.
Qxf4 Bd7 14. Ne5 Rc8 15. Ne4 Bc6 16. Nxc6 Rxc6 17. h4 e5 18. Qg3 Nxc4 19. dxc4 f5 20. Ng5 Rxd6 21. Qb3 Rb6 22. Qc2 Qd4 23. b3 Qxh4 24. Qd2 Kh8 25. Rad1 e4 26. g3 Qg4 27. c5 Rc6 28.
b4 h6 29. b5 Rcf6 0-1

[Event "Open international de Salon de Provence"]
[Site "Salon de Provence, France"]
[Date "2024.07.07"]
[Round "2.5"]
[White "Hamon, Alexandre"]
[Black "Thiers, Jean-Jacques"]
[Result "1/2-1/2"]
[WhiteElo "1602"]
[BlackElo "1688"]
[PlyCount "72"]
[EventDate "2024.??.??"]
[TimeControl "1"]

1. d4 d5 2. Bf4 c5 3. e3 e6 4. Nf3 Nf6 5. h3 Bd6 6. Bxd6 Qxd6 7. Nbd2 Nbd7 8.
c3 O-O 9. Bd3 Re8 10. O-O b6 11. Re1 Bb7 12. e4 dxe4 13. Nxe4 Nxe4 14. Bxe4 Bxe4 15. Rxe4 Nf6 16. Re3 cxd4 17. cxd4 Rad8 18. Rd3 Nd5 19. g3 Nb4 20. Rd2 Re7 21. Qa4 Red7 22. a3 Nc6 23. Rad1 Qd5 24. Rd3 f6 25. Kf1 Na5 26. b3 Rc7 27. b4 Nc6 28. Qb3 Kf7 29. Qxd5 Rxd5 30. Ke2 Ne7 31. Ne1 Nf5 32. R1d2 Rc4 33. Nf3 Nd6 34. Ne1 Rc1 35. Rc2 Rxc2+ 36. Nxc2 Nc4 1/2-1/2

[Event "Open international de Salon de Provence"]
[Site "Salon de Provence, France"]
[Date "2024.07.07"]
[Round "2.6"]
[White "Vrillet, Loan"]
[Black "Bicais, Noam"]
[Result "0-1"]
[WhiteElo "1676"]
[BlackElo "1603"]
[PlyCount "88"]
[EventDate "2024.??.??"]
[TimeControl "1"]

1. e4 c5 2. Nc3 Nc6 3. Nf3 d6 4. Bb5 g6 5. d4 cxd4 6. Nxd4 Bd7 7. Be3 Nf6 8. f3 Bg7 9. Qd2 O-O 10. g4 Rc8 11. h4 Nxd4 12. Bxd4 Bxb5 13. Nxb5 a6 14. Nc3 h5 15. gxh5 Nxh5 16. Bxg7 Kxg7 17. O-O-O b5 18. Nd5 Rh8 19. f4 Ng3 20. Rh3 Nxe4 21. Qd4+ Nf6 22. Re1 e6 23.
Nc3 b4 24. Ne2 Rc4 25. Qe3 Nd5 26. Qd3 Nxf4 27. Qxc4 Nxh3 28. Qxb4 Rxh4 29. Qc3+ Qf6 30. Qg3 Qg5+ 31. Qxg5 Nxg5 32. Rd1 Ne4 33. b3 f5 34. Rd4 e5 35. Ra4 Rh1+ 36. Kb2 Nc5 37. Rc4 f4 38. b4 Ne6 39.
Rc6 f3 40. Ng3 Rg1 41. Ne4 Ng5 42. Nxg5 Rxg5 43. Rxd6 f2 44. Rd1 Rg1 0-1

[Event "Open international de Salon de Provence"]
[Site "Salon de Provence, France"]
[Date "2024.07.07"]
[Round "2.7"]
[White "Metzger, Raphael"]
[Black "Schreiber Pitot, Beryl"]
[Result "1-0"]
[WhiteElo "1601"]
[BlackElo "1669"]
[PlyCount "95"]
[EventDate "2024.??.??"]
[TimeControl "1"]

1. e4 e6 2. d4 d5 3. Nd2 c5 4. exd5 exd5 5. Bb5+ Bd7 6. Qe2+ Qe7 7. Bxd7+ Nxd7 8. Qxe7+ Bxe7 9. Ne2 c4 10. O-O Ngf6 11. Nf3 O-O 12. Bg5 h6 13. Bxf6 Nxf6 14. Ng3 g6 15. Ne5 Rfe8 16. Rfe1 Bd6 17. Rad1 Rad8 18. Re2 Bxe5 19. dxe5 Ng4 20. f3 Nxe5 21. Rde1 Nxf3+ 22. gxf3 Rxe2 23. Nxe2 Kg7 24. Kf2 Kf6 25. Ke3 Ke5 26. f4+ Kd6 27. Nc3 Re8+ 28. Kf2 Rxe1 29. Kxe1 a6 30. Kd2 b5 31. b4 g5 32. fxg5 hxg5 33. Ne2 Ke5 34. Ke3 f5 35. c3 f4+ 36. Kf3 g4+ 37. Kxg4 Ke4 38.
Nxf4 d4 39. cxd4 c3 40. Ne2 c2 41. d5 Ke3 42. Nc1 Kd2 43.
Nb3+ Kc3 44. d6 Kb2 45. d7 Kxa2 46. Nc1+ Kb2 47. Nd3+ Kc3 48. d8=Q 1-0

[Event "Open international de Salon de Provence"]
[Site "Salon de Provence, France"]
[Date "2024.07.07"]
[Round "2.8"]
[White "Maltsev, Nikita"]
[Black "Gomez, Guy"]
[Result "1/2-1/2"]
[WhiteElo "1552"]
[BlackElo "1660"]
[PlyCount "50"]
[EventDate "2024.??.??"]
[TimeControl "1"]

1. d4 d5 2. Bf4 Nf6 3. Nf3 e6 4. e3 c5 5. c3 cxd4 6. cxd4 a6 7. Bd3 Nc6 8. O-O Be7 9. Nc3 O-O 10. h3 Re8 11. Rc1 Bf8 12. Qb3 b5 13.
Nxd5 Nxd5 14. Rxc6 Nxf4 15. exf4 Bb7 16. Be4 Rb8 17. Rfc1 Bxc6 18. Rxc6 Qf6 19. f5 Rec8 20. fxe6 Rxc6 21. Bxc6 fxe6 22. Ne5 Rd8 23. Bd7 Bd6 24. Bxe6+ Kh8 25. Nf7+ Kg8 1/2-1/2

[Event "Open international de Salon de Provence"]
[Site "Salon de Provence, France"]
[Date "2024.07.07"]
[Round "3.1"]
[White "Enchev, Ivajlo"]
[Black "Gusain, Himal"]
[Result "1/2-1/2"]
[WhiteElo "2416"]
[BlackElo "2490"]
[PlyCount "92"]
[EventDate "2024.??.??"]
[TimeControl "1"]

1. d4 d5 2. c4 e6 3. Nc3 Nf6 4. Nf3 Be7 5. Bg5 h6 6. Bh4 O-O 7. e3 b6 8. Rc1 Bb7 9. Be2 dxc4 10. Bxc4 Ne4 11. Bxe7 Qxe7 12. O-O Rc8 13. Nxe4 Bxe4 14. Bd3 Bb7 15. Nd2 Nd7 16. Be4 Bxe4 17. Nxe4 c5 18. Qa4 cxd4 19. Qxd4 Nf6 20. Nxf6+ Qxf6 21. Qxf6 gxf6 22. g4 Kg7 23. Kg2 Rxc1 24. Rxc1 Rd8 25. Rc2 Kg6 26. b4 Rd3 27. Kg3 Ra3 28. Kh4 Ra4 29. Rb2 a5 30. bxa5 bxa5 31. Kg3 f5 32. h3 fxg4 33. hxg4 h5 34. gxh5+ Kxh5 35. f4 Kg6 36. Kf3 f5 37. Rc2 Kf6 38. Rb2 Ke7 39. Rd2 Ra3 40. Ke2 Rc3 41. Rd3 Rc2+ 42. Rd2 Rxd2+ 43. Kxd2 Kd6 44. a4 Kc5 45. Kc3 Kd5 46. Kd3 Kc5 {[%emt 0:00:00] Ke4} 1/2-1/2

[Event "Open international de Salon de Provence"]
[Site "Salon de Provence, France"]
[Date "2024.07.07"]
[Round "3.2"]
[White "Dimitrov, Radoslav"]
[Black "Petrosyan, Armen"]
[Result "0-1"]
[WhiteElo "2480"]
[BlackElo "2358"]
[PlyCount "136"]
[EventDate "2024.??.??"]
[TimeControl "1"]

1. c4 e5 2. g3 Nf6 3. Nc3 Bb4 4. Bg2 O-O 5. e4 Bxc3 6. bxc3 d6 7. d3 Nc6 8. Ne2 h6 9. f4 exf4 10. gxf4 Ng4 11. h3 Qh4+ 12. Kd2 Nf6 13.
Qe1 Qxe1+ 14. Rxe1 Bd7 15. Nd4 Rfe8 16. Rb1 Rab8 17. Nb5 Rbc8 18. Ba3 Nd8 19. c5 Bxb5 20. Rxb5 c6 21. Ra5 dxc5 22. Rxa7 Ne6 23. Rxb7 Ra8 24. Bb2 Nxf4 25. Bf1 Rxa2 26. Ke3 Ne6 27. c4 Nh5 28. Ra1 Rxa1 29. Bxa1 Ng3 30. Bg2 Nf5+ 31. Kf2 Nfd4 32. e5 Nf4 33. Bxd4 cxd4 34. Bxc6 Rxe5 35. Kf3 Nxd3 36. Rb8+ Kh7 37. Be4+ g6 38. Rd8 Nc5 39. Bd5 Re3+ 40. Kg2 f5 41. Rc8 Ne4 42. Rc7+ Kh8 43. c5 d3 44. Bxe4 Rxe4 45. Rd7 Rc4 46. Rxd3 Rxc5 47. Rd7 g5 48. h4 Kg8 49. h5 Rc2+ 50. Kg3 Rc3+ 51. Kg2 f4 52. Rd6 Kg7 53. Rg6+ Kh7 54. Rf6 Rg3+ 55. Kf2 Rh3 56. Kg2 Rxh5 57. Kf3 Kg7 58. Ra6 Rh3+ 59. Kg4 Rh4+ 60. Kf3 Rh1 61. Kg4 Rg1+ 62. Kf5 f3 63. Ra7+ Kf8 64. Kg6 g4 65. Rf7+ Ke8 66. Rf4 Ke7 67. Kxh6 Ke6 68. Kg5 Ke5 0-1

[Event "Open international de Salon de Provence"]
[Site "Salon de Provence, France"]
[Date "2024.07.07"]
[Round "3.3"]
[White "Philippe, Guillaume"]
[Black "Nikolov, Momchil"]
[Result "1-0"]
[WhiteElo "2359"]
[BlackElo "2460"]
[PlyCount "47"]
[EventDate "2024.??.??"]
[TimeControl "1"]

1. e4 c5 2. a3 g6 3. Nc3 Bg7 4. Bc4 Nc6 5. d3 e6 6. Ba2 Nge7 7. h4 h5 8. Bg5 a6 9. Nge2 Qc7 10. Qd2 b5 11. O-O Bb7 12. Rae1 Ne5 13.
f3 N7c6 14. Nd1 Nd4 15. c3 Nxe2+ 16. Rxe2 O-O 17. Bh6 Bxh6 18. Qxh6 Nxd3 19. f4 c4 20. f5 exf5 21. exf5 Rfe8 22. Re3 Qc6 23. Rg3 Re2 24. Ne3 1-0

[Event "Open international de Salon de Provence"]
[Site "Salon de Provence, France"]
[Date "2024.07.07"]
[Round "3.4"]
[White "Bregier, Gerard"]
[Black "Madi, Walid"]
[Result "0-1"]
[WhiteElo "1600"]
[BlackElo "1701"]
[PlyCount "33"]
[EventDate "2024.??.??"]
[TimeControl "1"]

1. Nf3 Nf6 2. g3 g6 3. b3 d5 4. Bb2 Bg7 5. Bg2 O-O 6. O-O Bf5 7. d3 Nbd7 8. c4 c6 9. Nc3 d4 10. Nxd4 e5 11. Nxf5 gxf5 12. f4 Ng4 13. Rf3 Qb6+ 14. Kh1 Nf2+ 15. Rxf2 Qxf2 16. e4 Qxb2 17. Bf1 0-1

[Event "Open international de Salon de Provence"]
[Site "Salon de Provence, France"]
[Date "2024.07.07"]
[Round "3.5"]
[White "Rival, None"]
[Black "Madi, Chahinez"]
[Result "1-0"]
[WhiteElo "1640"]
[BlackElo "1687"]
[PlyCount "83"]
[EventDate "2024.??.??"]
[TimeControl "1"]

1. d4 Nf6 2. c4 g6 3. Nc3 Bg7 4. e4 d6 5. Nf3 O-O 6. Be2 Nbd7 7. Be3 e5 8. d5 Nc5 9. Nd2 a5 10. O-O Ne8 11. b3 f5 12. f3 f4 13. Bf2 Bf6 14. Qe1 Kh8 15.
a3 Bd7 16. b4 axb4 17. axb4 Rxa1 18. Qxa1 Na6 19. Rb1 Bh4 20.
Bxh4 Qxh4 21. c5 dxc5 22. Bxa6 bxa6 23. bxc5 Qe7 24. Qa5 g5 25. Rb8 Qf6 26. c6 Bxc6 27. dxc6 Qxc6 28. Qxe5+ Kg8 29. Qxg5+ Kh8 30. Qe5+ Kg8 31. Qd5+ Qxd5 32. Nxd5 Kg7 33. Ra8 a5 34. Nc4 a4 35. Nc3 Rf6 36. Rxa4 Rc6 37. Nd5 Nd6 38. Nxd6 Rc1+ 39. Kf2 Rc2+ 40. Kf1 Rc1+ 41. Ke2 cxd6 42. Rd4 1-0

[Event "Open international de Salon de Provence"]
[Site "Salon de Provence, France"]
[Date "2024.07.07"]
[Round "3.6"]
[White "Tarisse, Mateo"]
[Black "Frailinu, Jean-Bernard"]
[Result "1-0"]
[WhiteElo "1636"]
[BlackElo "1638"]
[PlyCount "119"]
[EventDate "2024.??.??"]
[TimeControl "1"]

1. Nf3 g6 2. c4 Bg7 3. d4 d6 4. e4 Nd7 5. Nc3 c5 6. Be3 cxd4 7. Nxd4 a6 8. Be2 Ne5 9. O-O Nf6 10. f3 O-O 11. Qb3 Bd7 12. Nd5 Rb8 13.
Nb6 Be8 14. Nc2 Nfd7 15. f4 Nc6 16. Nxd7 Bxd7 17. Bb6 Qc8 18.
Rad1 Be6 19. Ne3 Re8 20. Nd5 Bg4 21. Bxg4 Qxg4 22. Bc7 Nd4 23. Qe3 Rbc8 24. Rxd4 Bxd4 25. Qxd4 Qd7 26. Nb6 Qxc7 27. Nxc8 Rxc8 28. b3 Qc5 29. Rd1 Kf8 30. Kf2 Qxd4+ 31. Rxd4 Rc6 32. Ke3 Ke8 33. e5 b6 34. exd6 exd6 35. Rd5 Kd7 36. f5 Ke7 37. Kf4 Kf6 38.
g4 g5+ 39. Ke4 h6 40. Rd3 Ke7 41. Rh3 b5 42. Kd3 bxc4+ 43. bxc4 Rc5 44. Kc3 Ra5 45. Kb3 d5 46. cxd5 Rxd5 47. Rxh6 Rd4 48. h3 a5 49. Rc6 Rb4+ 50. Ka3 Rf4 51. Rc5 Rf3+ 52. Ka4 Rxh3 53. Rc4 Rf3 54. Kxa5 Rf4 55. Kb5 Kd6 56. Rxf4 gxf4 57. Kc4 Ke5 58. Kd3 Kd5 59. a4 f6 60. a5 1-0

[Event "Open international de Salon de Provence"]
[Site "Salon de Provence, France"]
[Date "2024.07.07"]
[Round "3.7"]
[White "Gautier Mazauric, Thomas"]
[Black "Metzger, Raphael"]
[Result "0-1"]
[WhiteElo "1638"]
[BlackElo "1601"]
[PlyCount "59"]
[EventDate "2024.??.??"]
[TimeControl "1"]

1. e4 e5 2. Nc3 Nc6 3. Bc4 Nf6 4. d3 Bc5 5. f4 Na5 6. Bxf7+ Kxf7 7. fxe5 Ne8 8. Qh5+ Kg8 9. Bg5 Be7 10. e6 dxe6 11. Bxe7 Qxe7 12. Qxa5 b6 13. Qe5 Nf6 14. Nf3 Qd6 15. Qg5 Qe7 16. e5 Nd5 17. Nxd5 Qxg5 18. Nxg5 exd5 19. O-O h6 20. Nf7 Rh7 21. Rae1 Be6 22. Nd6 cxd6 23. exd6 Re8 24. Re3 h5 25. d4 Rh6 26. c4 dxc4 27. d5 Bd7 28.
Rxe8+ Bxe8 29. Re1 Bd7 30. Re8+ 0-1

[Event "Open international de Salon de Provence"]
[Site "Salon de Provence, France"]
[Date "2024.07.07"]
[Round "3.8"]
[White "Bicais, Noam"]
[Black "Belaid, Noa"]
[Result "1/2-1/2"]
[WhiteElo "1603"]
[BlackElo "1594"]
[PlyCount "49"]
[EventDate "2024.??.??"]
[TimeControl "1"]

1. e4 e5 2. Nf3 Nc6 3. d4 exd4 4. Nxd4 Bc5 5. Be3 Qf6 6. c3 Nge7 7. g3 d5 8. Bg2 Nxd4 9. cxd4 Bb4+ 10. Nc3 Bxc3+ 11. bxc3 dxe4 12. Bxe4 O-O 13. O-O Re8 14. Re1 Nf5 15. Bg2 Nxe3 16. fxe3 c6 17. e4 Be6 18. Qc2 Re7 19. Rad1 Rae8 20. e5 Qg5 21. Qd2 Qxd2 22. Rxd2 Bc4 23. Rb2 Ba6 24. Bf1 Bxf1 25. Kxf1 1/2-1/2

[Event "Open international de Salon de Provence"]
[Site "Salon de Provence, France"]
[Date "2024.07.08"]
[Round "4.1"]
[White "Petrosyan, Armen"]
[Black "Philippe, Guillaume"]
[Result "1/2-1/2"]
[WhiteElo "2358"]
[BlackElo "2359"]
[PlyCount "47"]
[EventDate "2024.??.??"]
[TimeControl "1"]

1. e4 c5 2. Nf3 e6 3. d4 cxd4 4. Nxd4 Nc6 5. Nc3 d6 6. g4 Nxd4 7. Qxd4 Ne7 8. Be3 Nc6 9. Qd2 a6 10. O-O-O Be7 11. g5 b5 12. Kb1 Bb7 13. f4 Rc8 14. Qf2 Qc7 15. Rg1 Qb8 16. Bb6 O-O 17. h4 Bd8 18. Bd3 Nb4 19. Bxd8 Rfxd8 20. f5 Nxd3 21. cxd3 b4 22. Na4 exf5 23. exf5 Bc6 24. Nb6 1/2-1/2

[Event "Open international de Salon de Provence"]
[Site "Salon de Provence, France"]
[Date "2024.07.08"]
[Round "4.2"]
[White "Gusain, Himal"]
[Black "Lalic, Bogdan"]
[Result "1-0"]
[WhiteElo "2490"]
[BlackElo "2358"]
[PlyCount "135"]
[EventDate "2024.??.??"]
[TimeControl "1"]

1. e4 c6 2. d4 d5 3. e5 c5 4. dxc5 e6 5. a3 Bxc5 6. b4 Be7 7. Nf3 a5 8. b5 Nd7 9. Bd3 f6 10. Bb2 Nh6 11. c4 Nc5 12. Nc3 fxe5 13. cxd5 Nf7 14. Bc2 exd5 15. Nxd5 e4 16. Nxe7 Qxe7 17. Nd4 Nd3+ 18. Bxd3 exd3+ 19. Kf1 O-O 20. Qxd3 Ne5 21. Qb3+ Kh8 22. Re1 Qf6 23. f3 a4 24. Qc3 Bd7 25. Nc6 Nxc6 26. Qxf6 gxf6 27. bxc6 Bxc6 28. Re6 Kg7 29. Kf2 Rad8 30. Bc3 Rd3 31. Rc1 Rf7 32. Kg3 Kg6 33. Kf4 Rd5 34. Rce1 Rf5+ 35. Kg3 Rd7 36. R1e3 Rf7 37. Rd3 Rc5 38. Red6 Rb5 39. R3d4 Rg5+ 40. Kf2 h5 41. g4 Rc5 42. Rd3 Rb5 43. Bb4 Rh7 44. Kg3 hxg4 45. fxg4 Kf7 46. Re3 Rd5 47. h4 f5 48. Re7+ Kxe7 49. Rxd5+ Ke6 50. Rxf5 Rd7 51. h5 Rd3+ 52. Kh4 Be4 53. Rf8 Rf3 54. Re8+ Kd5 55. g5 Rf4+ 56. Kg3 Rf1 57. g6 Bxg6 58. hxg6 Rg1+ 59. Kf4 Rxg6 60. Rb8 b6 61. Ke3 Kc6 62. Rc8+ Kb7 63. Rc4 Rc6 64. Rh4 b5 65. Rh5 Kb6 66. Kd4 Rc4+ 67. Kd5 Rc6 68. Ba5+ 1-0